Cogmind - Beta 10.2 *** ADVENTURER MODE // 2020.11.21 @ 00:23:41 // Halloween2020/ForbiddenLore Player: ShurikenKat Result: Destroyed by Y-45 Defender with Beam Rifle Performance ------------- Evolutions (1) 500 Regions Visited (2) 400 Robots Destroyed (17) 85 Value Destroyed (447) 447 Prototype IDs (0) 0 Alien Tech Used (0) 0 Bonus (0) 0 TOTAL SCORE: 1432 Bonus ------- None Cogmind --------- Core Integrity 0/400 Matter 274/300 Energy 100/100 System Corruption 0% Temperature Cool (9) Movement Core (1200) Ox23 Location -9/Materials Parts ------- > --- POWER (1) -------- (None) > --- PROPULSION (2) --- (None) > --- UTILITY (3) ------ Small Storage Unit High-capacity Storage Unit High-capacity Storage Unit > --- WEAPON (3) ------- Mace > --- INVENTORY (22) --- Light Ion Engine Light Treads Light Treads Aluminum Leg Wheel Wheel Heat Sink Beam Rifle Particle Gun Light EM Pulse Cannon Light Assault Rifle Light Assault Rifle Heavy Assault Rifle Flail Peak State ------------ > --- POWER ------------ (None) > --- PROPULSION ------- Aluminum Leg Improved Aluminum Leg > --- UTILITY ---------- Small Storage Unit High-capacity Storage Unit High-capacity Storage Unit > --- WEAPON ----------- Assault Rifle Light Assault Rifle Autogun > --- INVENTORY -------- Light Ion Engine Light Treads Light Treads Aluminum Leg Wheel Wheel Heat Sink Particle Gun Light EM Pulse Cannon Light Assault Rifle Light Assault Rifle Heavy Assault Rifle Mace Flail Flail [Rating: 12] Favorites ----------- Power Light Ion Engine Engine Light Ion Engine Propulsion Aluminum Leg Leg Aluminum Leg Utility High-capacity Storage Unit Device High-powered Tractor Beam Storage High-capacity Storage Unit Weapon Assault Rifle Energy Cannon Beam Cannon Ballistic Gun Assault Rifle Impact Weapon Mace Build | -11 -10 -9 ------- Run | Scr Mat Mat Slots Evolved 2 | . . 2 Power . | . . . Propulsion . | . . . Utility 1 | . . 1 Weapon 1 | . . 1 Parts Attached 9 | . 3 6 Power . | . . . Engine . | . . . Core . | . . . Reactor . | . . . Propulsion 1 | . . 1 Treads . | . . . Leg 1 | . . 1 Wheel . | . . . Hover . | . . . Flight . | . . . Utility 3 | . 2 1 Device 1 | . 1 . Storage 2 | . 1 1 Processor . | . . . Hackware . | . . . Protection . | . . . Artifact . | . . . Weapon 5 | . 1 4 Energy Gun . | . . . Energy Cannon 1 | . 1 . Ballistic Gun 2 | . . 2 Ballistic Cannon . | . . . Launcher . | . . . Special Weapon . | . . . Impact Weapon 2 | . . 2 Slashing Weapon . | . . . Piercing Weapon . | . . . Special Melee Weapon . | . . . Unidentified Prototypes . | . . . Parts Lost 9 | . 1 8 Power 1 | . 1 . Propulsion 3 | . . 3 Utility . | . . . Weapon 5 | . . 5 Highest Loss Streak 5 | . 1 5 Average Slot Usage (%) 78 | . 87 76 Leg 21 | . 28 21 Storage 31 | . 21 32 Energy Cannon 2 | . 12 . Ballistic Gun 20 | . 15 21 Naked Turns . | . . . Heaviest Build 74 | 10 44 74 Greatest Support 23 | 20 20 23 Greatest Overweight (x) 23 | . 2 23 Average Overweight (x) 2 | . . 3 Largest Inventory Capacity 22 | 6 14 22 Average Capacity 20 | 6 10 21 Most Carried 16 | 6 6 16 Average Carried 8 | 6 6 8 Final Capacity 22 | 6 14 22 Final Carried 14 | 6 6 14 Class Distribution -------------------- 44% | Hauler-Mutant 40% | Hauler-Gunner 14% | Mutant Dominant Class ---------------- Mutant | -10/Materials Hauler-Mutant | -9/Materials Resources | -11 -10 -9 ----------- Run | Scr Mat Mat Matter Collected 482 | 175 59 248 Remotely . | . . . Salvage Created 794 | . 99 695 Parts 39 | . 5 34 Haulers Intercepted . | . . . Recyclers Shooed 1 | . . 1 Parts Field Recycled . | . . . Retrieved Matter . | . . . Parts Self-Destructed . | . . . Prevented . | . . . Kills | -11 -10 -9 ------- Run | Scr Mat Mat Combat Hostiles Destroyed 12 | . 2 10 Melee 1 | . . 1 Guns 9 | . 1 8 Cannons 2 | . 1 1 Classes Destroyed 6 | . 1 5 Recycler 3 | . . 3 Watcher 2 | . . 2 Swarmer 3 | . . 3 Grunt 5 | . 2 3 Brawler 1 | . . 1 Sentry 3 | . . 3 Best Kill Streak 4 | . 2 4 Combat Bots Only 3 | . 2 3 Max Kills in Single Turn 2 | . 1 2 Gunslinging 1 | . . 1 Exploded . | . . . Melee 1 | . . 1 Uniques/NPCs Destroyed . | . . . Combat | -11 -10 -9 -------- Run | Scr Mat Mat Damage Taken 1476 | . 234 1242 Core 443 | . 42 401 Absorbed by Shields . | . . . Core Remaining (%) 91 | 100 83 . Volleys Fired 56 | . 3 53 Largest 3 | . 2 3 Hottest 80 | . 80 80 Shots Fired 105 | . 6 99 Gun 94 | . 3 91 Cannon 11 | . 3 8 Launcher . | . . . Special . | . . . Kinetic 94 | . 3 91 Thermal 11 | . 3 8 Explosive . | . . . Electromagnetic . | . . . Robot Hit Streak 15 | . 5 15 Robot Miss Streak 4 | . . 4 Penetration Max . | . . . Secondary Targets 3 | . . 3 Max Gunslinging Chain 1 | . . 1 Shots Hit Robots 74 | . 5 69 Core Hits 30 | . 4 26 Critical Hits . | . . . Critical Kills . | . . . Critical Parts Destroyed . | . . . Melee Attacks 4 | . . 4 Impact 4 | . . 4 Slashing . | . . . Piercing . | . . . Sneak Attacks . | . . . Combat Hostiles . | . . . Follow-up Attacks . | . . . Damage Inflicted 955 | . 74 881 Guns 760 | . 40 720 Cannons 136 | . 34 102 Explosions . | . . . Melee 55 | . . 55 Ramming 4 | . . 4 Kinetic 760 | . 40 720 Thermal 136 | . 34 102 Explosive . | . . . Electromagnetic . | . . . Impact 55 | . . 55 Slashing . | . . . Piercing . | . . . Highest Corruption . | . . . Average Corruption . | . . . Corruption Purged . | . . . Overload Shots . | . . . Overflow Damage . | . . . Projectiles . | . . . Explosions . | . . . Melee . | . . . Knockbacks . | . . . Impact . | . . . Kinetic . | . . . Secondary . | . . . Self-Inflicted Damage 2 | . . 2 Shots . | . . . Rammed 1 | . . 1 Targets Rammed 1 | . . 1 Kicked . | . . . Crushed . | . . . Highest Temperature 41 | . 33 41 Average Temperature 13 | . 19 11 Received Heat Transfer 747 | . 171 576 Siege Activations . | . . . Robots Corrupted . | . . . Combat Hostiles . | . . . Parts Fried . | . . . Impact Corruptions . | . . . Robots Melted . | . . . Combat Hostiles . | . . . Parts Melted . | . . . Heat Transferred 296 | . 74 222 Parts Sabotaged . | . . . Parts Stolen . | . . . Parts Stripped . | . . . Power Chain Reactions . | . . . Missiles Intercepted . | . . . Alert | -11 -10 -9 ------- Run | Scr Mat Mat Peak Influence 127 | . 55 127 Initial 19 | . . 19 Average 40 | . 30 43 Maximum Alert Level . | . . . Low Security (%) 100 | 100 100 100 Level 1 . | . . . Level 2 . | . . . Level 3 . | . . . Level 4 . | . . . Level 5 . | . . . High Security . | . . . Max Security . | . . . Squads Dispatched . | . . . Investigation . | . . . Extermination . | . . . Reinforcement . | . . . Assault . | . . . Garrison . | . . . Intercept . | . . . Construction Impeded . | . . . Haulers Reinforced . | . . . Stealth | -11 -10 -9 --------- Run | Scr Mat Mat Distress Signals 1 | . . 1 Communications Jammed . | . . . Distress Signals . | . . . Times Spotted 29 | . 2 27 Peak Tracking Total 4 | . 2 4 Tactical Retreats . | . . . Traps | -11 -10 -9 ------- Run | Scr Mat Mat Traps Triggered . | . . . Indirectly . | . . . Trap Hack Attempts . | . . . Triggered . | . . . Disarmed . | . . . Reprogrammed . | . . . Reused . | . . . Traps Extracted . | . . . Installed . | . . . Triggered . | . . . Machines | -11 -10 -9 ---------- Run | Scr Mat Mat Machines Disabled . | . . . Max in Single Turn . | . . . Machines Sabotaged . | . . . Garrisons Compromised . | . . . Overloaded Fab Kills . | . . . Fab Network Shutdowns . | . . . Hacking | -11 -10 -9 --------- Run | Scr Mat Mat Machines Accessed . | . . . Terminals . | . . . Fabricators . | . . . Repair Stations . | . . . Recycling Units . | . . . Scanalyzers . | . . . Garrison Access . | . . . Total Hacks . | . . . Successful . | . . . Failed . | . . . Catastrophic . | . . . Database Lockouts . | . . . Manual . | . . . Terminals . | . . . Fabricators . | . . . Repair Stations . | . . . Recycling Units . | . . . Scanalyzers . | . . . Garrison Access . | . . . Terminal Hacks . | . . . Fabricator Hacks . | . . . Repair Station Hacks . | . . . Recycling Unit Hacks . | . . . Scanalyzer . | . . . Garrison Access Hacks . | . . . Unauthorized Hacks . | . . . Terminals . | . . . Fabricators . | . . . Repair Stations . | . . . Recycling Units . | . . . Scanalyzers . | . . . Garrison Access . | . . . Data Cores Recovered . | . . . Used . | . . . Hacking Detections . | . . . Full Trace Events . | . . . Feedback Events . | . . . Feedback Blocked . | . . . Robot Schematics Acquired . | . . . Robots Built . | . . . Matter . | . . . Time . | . . . Total Robot Build Rating . | . . . Part Schematics Acquired . | . . . Parts Built . | . . . Matter . | . . . Time . | . . . Total Part Build Rating . | . . . Parts Repaired . | . . . Time . | . . . Parts Recycled . | . . . Recycled Matter . | . . . Retrieved Matter . | . . . Retrieved Components . | . . . Parts Scanalyzed . | . . . Part Schematics Acquired . | . . . Parts Damaged . | . . . Bothacking | -11 -10 -9 ------------ Run | Scr Mat Mat Used RIF Installer . | . . . Robots Hacked . | . . . Non-combat . | . . . Combat . | . . . Robot Hacks Applied . | . . . Relay Couplers Released . | . . . Robots Rewired . | . . . Allies Hacked . | . . . Hacks Repelled . | . . . Allies | -11 -10 -9 -------- Run | Scr Mat Mat Total Allies . | . . . Largest Group . | . . . Highest-Rated Group . | . . . Highest-Rated Ally . | . . . Total Orders . | . . . Ally Attacks . | . . . Total Damage . | . . . Kills . | . . . Allies Corrupted . | . . . Allies Melted . | . . . Intel | -11 -10 -9 ------- Run | Scr Mat Mat Robot Analysis Total . | . . . Derelict Logs Recovered . | . . . Drone Launches . | . . . Drone Recoveries . | . . . Exploration | -11 -10 -9 ------------- Run | Scr Mat Mat Turns Passed 2021 | 40 219 1762 Spaces Moved 890 | 34 142 714 Core 5 | . . 5 Treads . | . . . Legs 885 | 34 142 709 Wheels . | . . . Hover . | . . . Flight . | . . . Fastest Speed 120 | 120 120 180 Average Speed 201 | 120 144 216 Slowest Speed 1200 | 120 180 1200 Overloaded Moves . | . . . Propulsion Burnouts . | . . . Robots Hopped . | . . . Cave-ins Triggered . | . . . Exploration Rate (%) 24 | 3 28 42 Regions Visited 2 Branch Regions . Pre-discovered Areas . | . . . Known Exits Taken . | . . . Unknown Exits Taken 2 | 1 1 . Scrap Searched . | . . . Spaces Dug . | . . . Terrain Destroyed . | . . . Melee . | . . . Projectile . | . . . AOE . | . . . Terrain Rammed . | . . . Walls Destroyed . | . . . Machines Disabled . | . . . Actions | -11 -10 -9 --------- Run | Scr Mat Mat Total 1031 | 33 149 849 Wait 59 | . . 59 Move 888 | 33 141 714 Hop . | . . . Pick Up 12 | . . 12 Fast Attach 5 | . 3 2 Attach 4 | . . 4 Detach . | . . . Swap . | . . . Drop 2 | . 2 . Fire 56 | . 3 53 Melee 4 | . . 4 Ram . | . . . Kick 1 | . . 1 Crush . | . . . Escape Stasis . | . . . Rewire . | . . . Trap . | . . . Miscellaneous . | . . . Route ------- -11/Scrapyard -10/Materials -9/Materials History --------- Turn | Location | Event 1 | -11/Scrapyard | Discovered new exit (range 3) 41 | -11/Scrapyard | Entered Materials 192 | -10/Materials | Discovered new exit (range 11) 260 | -10/Materials | Entered another Materials area 260 | -9/Materials | Evolved 2 slots: Utility x1, Weapon x1 600 | -9/Materials | Build established: Hauler-Mutant 1421 | -9/Materials | Build established: Hauler-Gunner 1976 | -9/Materials | Core integrity fell below 50% 2000 | -9/Materials | Lost 5 parts (2n3w) 2000 | -9/Materials | Core integrity fell below 20% 2022 | -9/Materials | Destroyed by Y-45 Defender with Beam Rifle Last Messages --------------- 01930_ Assault Rifle destroyed. 01937_ Acquired Beam Rifle. 01938_ Acquired 10 matter. 01939_ Lgt. Assault Rifle destroyed. 01940_ Aluminum Leg destroyed. 01944_ K-01 Serf cleans the Terminal. 01951_ Imp. Aluminum Leg destroyed. 01954_ K-01 Serf collects debris. 01963_ Y-45 Defender destroyed. 01967_ K-01 Serf collects debris. 01969_ Autogun destroyed. 01969_ K-01 Serf collects debris. Bump into an enemy to attack with the active melee weapon. Even while active, melee weapons do not fire together with ranged weapons in the same volley. 01972_ K-01 Serf collects debris. 01975_ B-36 Bruiser destroyed. 01975_ K-01 Serf collects debris. 02012_ R-06 Scavenger collects Heat Sink. 02019_ Flail destroyed. Map ----- +----------------------------------------------------+ | ?????????????????????????????????????????????????? | | ?????????????????????????????????????????????????? | | ?????????????????????????????????????????????????? | | ?????????????????????????????????????????????????? | | ?????????????????????????????????????????????????? | | ?????????????????????????????????????????????????? | | ?????????????????????????????????????????????????? | | ?????????????????????????????????????????????????? | | ?????????????????????????????????????????????????? | | ?????????????????????????????????????????????????? | | ????????????????????###########??????????????????? | | ????????????????????# #??????????????????? | | ????????????????????# #??????????????????? | | ????????????????????# #??????????????????? | | ????????????????????# """ """ #??????????????????? | | ????????????????????# """ """ #??????????????????? | | ????????????????????# """ """ #??????????????????? | | ????????????????????# ####???????????????? | | ????????????????????# + #???????????????? | | ??????????####??????#####+###### #???????????????? | | ??????????# ####### #??# #???????????????? | | ??????????# ! == #??# #???????????????? | | ????????" + [%= %%! #??# #???????????????? | | ??????????# ! = #??# #???????????????? | | ??????????# ####### #??# #???????????????? | | ??????????## ????????## @ #####+###?????????????? | | ???????????????????????# g## #?????????????? | | ???????????????????????# Y## #?????????????? | | ???????????????????????# ## #?????????????? | | ???????????????????????# ## #?????????????? | | ???????????????????????# ^^## #?????????????? | | ??????????????????????##r ## #???????????? | | ????????????????????### ###+##############?? | | ???????????????? # #?# | | ???????????????? T # ### | | ?????????????????? # """ = ## | | ???????????????????/### #### # """ ## | | ??????????????????????###+###??# # """ ## | | ??????????????????????? ??????# # """ #? | | ??????????????????????# ???????# + """ #? | | ???????????????????????????????# # #?# | | ???????????????????????????????# #########/### | | ???????????????????????????????# #??????# | | ??????????????????????????????# ??????# | | ??????????????????????????????# ??????# | | ?????????????????????????????? ########+### | | ?????????????????????????????## ## # | | ??????????????????????????????# ##"S """ + | | ??????????????????????????????######?#""" """ # % | | ?????????????????????????????????????# "" """ # | +----------------------------------------------------+ Best States ------------- Heat Dissipation 28 Energy Generation 10 Energy Capacity 125 Matter Stores 300 Matter Capacity 300 Sight Range 16 Terrain Scan Density 10 Resistance: KI 20 Resistance: TH 20 Resistance: EX 20 Resistance: EM 20 Resistance: I 20 Resistance: S 20 Resistance: P 20 Evasion (%) 40 Offensive Hacking 10 Item Schematics ----------------- None Robot Schematics ------------------ None Fabricated ------------ Nothing Alien Tech Used ----------------- None Achievements -------------- None Challenges ------------ None Game ------ Seed LaserXenonAutogun Manual? 0 Play Time 00:12:33 Cumulative 9.4 hours Start 2020.11.21 @ 00:12:10 End 2020.11.21 @ 00:23:41 Sessions 1 Manual Loads 0 Difficulty Adventurer Special Mode Halloween2020/ForbiddenLore Game No. 19 Rogue 11 Adventurer 8 Explorer 0 Win Type - Total 0 Types 0/0/0/0/0/0/0/0/0 Lore% 12 Gallery% 17 Achievement% 13 Wizard Run 0 Options --------- ASCII 0 Keyboard 0 Movement Arrows Keybinds 0 Fullscreen 1 Font 20/SmallcapsGlow Map View 66x50 Tactical HUD 1 Map Filters NONE Filters NONE Steam 1 RUN: a38a56aa-006b-4a09-9c8f-ac08fb0764a3